 Dungeon Crawl Stone Soup version 0.29.1-13-g9f3cf754e1 (webtiles) character file.

Game seed: 6562426171325993592

124 leafyfresh the Covert (level 5, -7/47 HPs)
             Began as a Gnoll Delver on Feb 7, 2023.
             Was a Plaything of Xom.
             Killed by divine providence
             ... invoked by an orc priest
              (12 damage)
             ... on level 3 of the Dungeon.
             The game lasted 00:04:33 (2199 turns).

leafyfresh the Covert (Gnoll Delver)                Turns: 2199, Time: 00:04:34

Health: -7/47      AC:  4    Str: 21    XL:     5   Next: 8%
Magic:  5/7        EV: 14    Int: 11    God:    Xom [..*...]
Gold:   125        SH:  5    Dex: 19    Spells: 6/6 levels left

rFire   . . .      SeeInvis .   A - +7 hand axe of Equilibrium {drain, Str+3 Int-4 Dex+4}
rCold   . . .      Faith    .   B - +0 buckler
rNeg    . . .      Spirit   .   b - +0 leather armour
rPois   .          Reflect  .   x - +0 helmet
rElec   .          Harm     .   (no cloak)
rCorr   .          Rampage  .   (no gloves)
Will    .....                   (no boots)
Stlth   ++++......              (no amulet)
HPRegen 0.15/turn               w - +6 ring of strength
MPRegen 0.10/turn               r - +6 ring of intelligence

@: no status effects
A: fangs 1, strong nose, distributed training
a: Renounce Religion


You were on level 3 of the Dungeon.
You worshipped Xom.
You were a toy of Xom.
You visited 1 branch of the dungeon, and saw 5 of its levels.

You collected 125 gold pieces.

Inventory:

Hand Weapons
 a - a +0 spear
 A - the +7 hand axe of Equilibrium (weapon) {drain, Str+3 Int-4 Dex+4}
   (You found it on level 2 of the Dungeon)

   A truly terrible weapon, it drains the life of any living foe it strikes.
   Str:       It affects your strength (+3).
   Int:       It affects your intelligence (-4).
   Dex:       It affects your dexterity (+4).
Missiles
 l - 39 stones
 y - 4 boomerangs (quivered)
Armour
 b - a +0 leather armour (worn)
 x - a +0 helmet (worn)
 B - a +0 buckler (worn)
Jewellery
 r - a +6 ring of intelligence (right hand)
 w - a +6 ring of strength (left hand)
Wands
 g - a wand of digging (3)
Scrolls
 c - a scroll of fog
 d - a scroll of magic mapping
 e - a scroll of fear
 n - a scroll of enchant armour {unknown}
 q - a scroll of teleportation {unknown}
 s - a scroll of noise {unknown}
 t - 2 scrolls of identify {unknown}
 u - a scroll of torment {unknown}
 v - a scroll of amnesia {unknown}
Potions
 f - 2 potions of haste
 h - 2 potions of might {unknown}
 i - 3 potions of mutation {unknown}
 j - a potion of flight {unknown}
 k - 2 potions of lignification {unknown}
 m - a potion of cancellation {unknown}
 o - a potion of curing {unknown}
 p - a potion of ambrosia {unknown}
 z - a potion of heal wounds {unknown}


   Skills:
 + Level 6.6 Fighting
 + Level 1.4 Short Blades
 + Level 1.4 Long Blades
 + Level 1.4 Axes
 + Level 1.4 Maces & Flails
 + Level 4.7 Polearms
 + Level 1.4 Staves
 + Level 1.4 Ranged Weapons
 + Level 1.4 Throwing
 + Level 1.4 Armour
 + Level 4.7 Dodging
 + Level 9.6 Stealth
 + Level 1.4 Shields
 + Level 1.4 Unarmed Combat
 + Level 1.4 Spellcasting
 + Level 1.1 Conjurations
 + Level 1.1 Hexes
 + Level 1.1 Summonings
 + Level 1.1 Necromancy
 + Level 1.1 Translocations
 + Level 1.1 Transmutations
 + Level 1.1 Fire Magic
 + Level 1.1 Ice Magic
 + Level 1.1 Air Magic
 + Level 1.1 Earth Magic
 + Level 1.1 Poison Magic
 + Level 1.5 Invocations
 + Level 1.4 Evocations


You had 6 spell levels left.
You didn't know any spells.
Your spell library contained the following spells:

 Spells                   Type           Power      Damage    Failure   Level
 Apportation              Tloc           6%         N/A       30%         1
 Conjure Flame            Conj/Fire      3%         6-21      67%         3
 Ignite Poison            Fire/Tmut/Pois 3%         N/A       67%         3
 Tukima's Dance           Hex            3%         N/A       67%         3
 Passage of Golubria      Tloc           3%         N/A       97%         4
 Sticky Flame             Conj/Fire      3%         2d3       97%         4
 Alistair's Intoxication  Tmut/Pois      2%         N/A       100%        5
 Yara's Violent Unravell  Hex/Tmut       1%         3d3       100%        5


Dungeon Overview and Level Annotations

Branches:
Dungeon (5/15)
 Temple: D:4-7

Altars:
Okawaru
Xom


Innate Abilities, Weirdness & Mutations

You have very sharp teeth.
Your uncanny sense of smell can sniff out nearby items.
Your experience applies equally to all skills.


Message History

The orc is severely wounded.
The orc hits you but does no damage.
You hit the orc. You drain the orc.
You kill the orc!
The orc shouts!
The orc priest shouts!
The orc shouts!
The orc priest shouts!
Things that are here:
a +0 dagger; a +0 ring mail You closely miss the orc.
The orc closely misses you. The orc barely misses you.
You hit the orc.
The orc is severely wounded.
You block the orc's attack.
You hit the orc.
You kill the orc!
The orc priest mumbles some strange prayers to Beogh against you.
Beogh smites you!
You barely miss the orc priest.
You bite the orc priest, but do no damage.
The orc priest invokes the aid of Beogh against you.
Beogh smites you!
The orc priest mumbles some strange prayers to Beogh against you.
Beogh smites you!
* * * LOW HITPOINT WARNING * * *
The orc priest barely misses you.
Unknown command.
You slash the orc priest!
The orc priest is almost dead.
The orc priest casts a cantrip, but nothing happens.
You hit the orc priest.
You kill the orc priest!
You have reached level 5!
You closely miss the orc. The orc completely misses you.
You block the orc's attack.
You barely miss the orc. You block the orc's attack.
You hit the orc. You drain the orc.
You kill the orc!
The orc priest invokes the aid of Beogh against you.
Beogh smites you!
You die...
Xom giggles madly!

##...#.# #####...#
.####
.......>######.....#
######...[.........###
#######..?......#
###.#.#.# #o#.#.#
#)#.#.# #@#.#.##
#.....<# ###.#.##
#.#.# #.#.# #.#.#
#.#.# #.... ###.#


You could see an orc priest.

Vanquished Creatures
  An orc priest (D:3)
  4 adders
  A worm (D:5)
  4 orcs
  6 ball pythons
  8 endoplasms
  A giant cockroach (D:2)
  3 goblins
  4 hobgoblins
  4 jackals (D:1)
  2 quokkas (D:1)
  2 bats
  A frilled lizard (D:1)
  6 kobolds
  3 rats
50 creatures vanquished.

Notes
Turn   | Place    | Note
-------+----------+-------------------------------------------
     0 | D:5      | Reached skill level 9 in Stealth
     0 | D:5      | leafyfresh the Gnoll Delver began the quest for the Orb.
     0 | D:5      | Reached XP level 1. HP: 23/23 MP: 1/1
    24 | D:5      | Noticed a wyvern
   212 | D:5      | Found an iron altar of Okawaru.
   263 | D:4      | Noticed a hound
   341 | D:4      | Reached XP level 2. HP: 29/29 MP: 2/2
   463 | D:3      | Reached XP level 3. HP: 25/35 MP: 3/3
   673 | D:1      | Reached skill level 1 in Invocations
   846 | D:1      | Found a faded altar of an unknown god.
   903 | D:1      | Reached skill level 1 in Short Blades
   903 | D:1      | Reached skill level 1 in Long Blades
   903 | D:1      | Reached skill level 1 in Axes
   903 | D:1      | Reached skill level 1 in Maces & Flails
   903 | D:1      | Reached skill level 1 in Staves
   903 | D:1      | Reached skill level 1 in Ranged Weapons
   903 | D:1      | Reached skill level 1 in Throwing
   903 | D:1      | Reached skill level 1 in Armour
   903 | D:1      | Reached skill level 1 in Shields
   903 | D:1      | Reached skill level 1 in Unarmed Combat
   903 | D:1      | Reached skill level 1 in Spellcasting
   903 | D:1      | Reached skill level 1 in Evocations
  1183 | D:1      | Reached XP level 4. HP: 41/41 MP: 5/5
  1502 | D:2      | Found a shimmering altar of Xom.
  1577 | D:2      | Became a worshipper of Xom the Less-Predictable
  1749 | D:2      | Reached skill level 1 in Conjurations
  1749 | D:2      | Reached skill level 1 in Hexes
  1749 | D:2      | Reached skill level 1 in Summonings
  1749 | D:2      | Reached skill level 1 in Necromancy
  1749 | D:2      | Reached skill level 1 in Translocations
  1749 | D:2      | Reached skill level 1 in Transmutations
  1749 | D:2      | Reached skill level 1 in Fire Magic
  1749 | D:2      | Reached skill level 1 in Ice Magic
  1749 | D:2      | Reached skill level 1 in Air Magic
  1749 | D:2      | Reached skill level 1 in Earth Magic
  1749 | D:2      | Reached skill level 1 in Poison Magic
  1835 | D:2      | Identified the +7 hand axe of Equilibrium {drain, Str+3
                  | Int-4 Dex+4}
  2197 | D:3      | Reached XP level 5. HP: 5/47 MP: 5/7
  2199 | D:3      | Killed from afar by an orc priest

Illustrated notes

Levels and vault maps discovered:
D:1:      psy_arrival_whirlpool, layout_basic,
          shapermc_ecumenical_altar_hornbeckon, fountainhead,
          reono_crystal_passage
D:2:      layout_loops_ring, basic_altar
D:3:      layout_basic, riverfiend_overflow_shadow_ancestor,
          portal_sewer_entry_e, corexii_hall_statues_x
D:4:      layout_gridville, ebering_ghost_sewer_d, supply_closet_lemuel,
          hangedman_decor_points, uniq_pikel
D:5:      layout_basic, lemuel_tele_altar

Skill      XL: |  1  2  3  4 |
---------------+-------------+-----
Stealth        | |  9.6
Invocations    | 1 |  1.5
Short Blades   | 1 |  1.4
Long Blades    | 1 |  1.4
Axes           | 1 |  1.4
Maces & Flails | 1 |  1.4
Staves         | 1 |  1.4
Ranged Weapons | 1 |  1.4
Throwing       | 1 |  1.4
Armour         | 1 |  1.4
Shields        | 1 |  1.4
Unarmed Combat | 1 |  1.4
Spellcasting   | 1 |  1.4
Evocations     | 1 |  1.4
Conjurations   | 1 |  1.1
Hexes          | 1 |  1.1
Summonings     | 1 |  1.1
Necromancy     | 1 |  1.1
Translocations | 1 |  1.1
Transmutations | 1 |  1.1
Fire Magic     | 1 |  1.1
Ice Magic      | 1 |  1.1
Air Magic      | 1 |  1.1
Earth Magic    | 1 |  1.1
Poison Magic   | 1 |  1.1
Fighting       | |  6.6
Polearms       | |  4.7
Dodging        | |  4.7

Action                   |  1- 3 |  4- 6 || total
-------------------------+-------+-------++-------
Melee: Spear             |   115 |    44 ||   159
       Bite              |    14 |     4 ||    18
       Hand axe          |       |    15 ||    15
       Punch             |       |     2 ||     2
Throw: Stone             |     3 |       ||     3
 Stab: Sleeping          |     8 |     8 ||    16
Armor: Leather armour    |    10 |     9 ||    19
Dodge: Dodged            |    54 |    26 ||    80
Block: Buckler           |       |     3 ||     3
